AoeStats
← Bandolero

Arabia

508757937Analyzed
1v1 RM · 9d ago on Sep 23, 2026· 43m 3s· 2 players
Game mode
Random Map
Map size
Tiny (2 player)
Population
200
Speed
Normal
Resources
Standard
Victory
Conquest
Starting age
Dark Age
Ending age
Imperial Age
RankedLock teamsTeams togetherTeam positionsShared explorationLock speedFull tech treeHidden civsTurbo modeCheats
Victory
Defeat
🇦🇷 Maya · Argentina
1329
+16
🇦🇷 Varangians · Argentina
1322
-16
El Latigo
6:21 Loom
9:11 Feudal Age
9:14 Man-at-Arms
9:47 Double-Bit Axe
15:47 Bloodlines
23:55 Castle Age
22:18 Forging
22:14 Scale Barding Armor
22:47 Fletching
25:11 Elite Skirmisher
30:33 Wheelbarrow
34:29 Vendel Legacy
40:46 Imperial Age
42:22 Chain Barding Armor
Bandolero
0:26 Loom
9:12 Feudal Age
19:51 Fletching
24:59 Castle Age
23:29 Scale Mail Armor
23:44 Gold Mining
24:42 Forging
24:59 Eagle Warrior
29:54 Crossbowman
33:16 Bodkin Arrow
33:22 Padded Archer Armor
34:10 Wheelbarrow
33:21 Town Watch
35:45 Leather Archer Armor
36:02 Double-Bit Axe
42:24 Stone Mining
Connection lost

Rejoining the realm…

Still unreachable

The connection could not be restored.

Session expired

The server has moved on; the page needs a fresh start.